 Dungeon Crawl Stone Soup version 0.19-a0-599-g723c685 (webtiles) character file.

3 Gorice the Stinger (level 1, -2/10 HPs)
             Began as a Tengu Venom Mage on June 11, 2016.
             Slain by a jackal (3 damage)
             ... on level 1 of the Dungeon.
             The game lasted 00:01:36 (80 turns).

Gorice the Stinger (Tengu Venom Mage)                 Turns: 80, Time: 00:01:37

Health: -2/10      AC:  2    Str:  8    XL:     1   Next: 50%
Magic:  0/4        EV: 12    Int: 15    God:
Gold:   0          SH:  0    Dex: 14    Spells: 1 memorised, 3 levels left

rFire  . . .     SeeInvis .     (no weapon)
rCold  . . .     Gourm    .     a - +0 robe
rNeg   . . .     Faith    .     (no shield)
rPois  .         Spirit   .     (helmet restricted)
rElec  .         Dismiss  .     (no cloak)
rCorr  .         Reflect  .     (no gloves)
SustAt .         Harm     .     (boots unavailable)
MR     .....                    (no amulet)
Stlth  ++........               (no ring)
                                (no ring)

@: not resistant to hostile enchantments, unstealthy
A: beak, talons 3
a: no special abilities


You were on level 1 of the Dungeon.
You were not hungry.

You visited 1 branch of the dungeon, and saw 1 of its levels.

Inventory:

Armour
 a - a +0 robe (worn)
Books
 b - a Young Poisoner's Handbook
Comestibles
 c - a bread ration {!e}
 d - a chunk of flesh


   Skills:
 - Level 2.1 Dodging
 - Level 2.0 Stealth
 + Level 2.1 Spellcasting
 * Level 0.6 Conjurations
 - Level 4.0 Poison Magic


You had 3 spell levels left.
You knew the following spells:

 Your Spells              Type           Power        Failure   Level  Hunger
a - Sting                 Conj/Pois      #...         12%         1    #......


Dungeon Overview and Level Annotations

Branches:
Dungeon (1/15)

Altars:


Innate Abilities, Weirdness & Mutations

You have a beak for a mouth.
You have claws for feet.


Message History

Aiming: Sting
Press: ? - help, Shift-Dir - straight line, f/p - jackal
Aim: a jackal (lightly wounded)
The sting hits the jackal.
The jackal is almost dead.
The jackal bites you.
Damage: 1 (max 2)
Casting: Sting
Confirm with . or Enter, or press ? or * to list all spells.
Aiming: Sting
Press: ? - help, Shift-Dir - straight line, f/p - jackal
Aim: a jackal (almost dead)
The sting hits the jackal.
The jackal is poisoned.
You kill the jackal!
You barely miss the jackal. Your kick misses the jackal.
The jackal barely misses you.
You closely miss the jackal. The jackal barely misses you.
The jackal closely misses you. The jackal bites you.
* * * LOW HITPOINT WARNING * * *
Damage: 3 (max 3)
The jackal bites you.
* * * LOW HITPOINT WARNING * * *
Damage: 1 (max 3)
The jackal closely misses you.
Found a ring mail.
Casting: Sting
Confirm with . or Enter, or press ? or * to list all spells.
Aiming: Sting
Press: ? - help, Shift-Dir - straight line, f - jackal
Aim: a jackal The sting hits the jackal.
The jackal is lightly wounded.
The jackal barely misses you. The jackal misses you.
The jackal closely misses you. The jackal misses you.
You see here a jackal corpse.
Casting: Sting
Confirm with . or Enter, or press ? or * to list all spells.
Aiming: Sting
Press: ? - help, Shift-Dir - straight line, f/p - jackal
Aim: a jackal (lightly wounded)
The sting misses the jackal.
The jackal bites you.
* * * LOW HITPOINT WARNING * * *
The jackal bites you but does no damage.
Damage: 2 (max 3) Unknown command.
The jackal bites you.
You die...

#+#########.......
..........#....... ....
##########.#.#...... .....
#.......#†##.#.....# #...#
#.###'###.#.#h#!....#
#...#
#.....#.#l#.#.....###...#
#.....#l#h#l####........##
+..<..+.#@#.'.h..........#
#.....#.#.#.###b...÷.....#
#.....#.#.#.#..........#.#
###+###.#.#.#...hl........
..[....#.##.#.............
#########.#.#.........."..
...#....hl......#
####....=.......#
...........#.#


You could see a jackal and a giant newt.

Vanquished Creatures
  2 jackals (D:1)
  A rat (D:1)
3 creatures vanquished.

Notes
Turn   | Place    | Note
--------------------------------------------------------------
     0 | D:1      | Gorice the Tengu Venom Mage began the quest for the Orb.
     0 | D:1      | Reached XP level 1. HP: 10/10 MP: 4/4
    62 | D:1      | HP: 3/10 [jackal (3)]
    77 | D:1      | HP: 1/10 [jackal (2)]
    80 | D:1      | Slain by a jackal

Vault maps used:
D:1:      matt_arrival_los_fun, minivault_14

Action                   || total
-------------------------++-------
Melee: Unarmed           ||     2
 Cast: Sting             ||     8
Armor: Robe              ||     2
Dodge: Dodged            ||    15

Table legend:
 A = Turns spent in this place as a percentage of turns spent in the entire game.
 B = Non-inter-level travel turns spent in this place as a percentage of non-inter-level travel turns spent in the entire game.
 C = Inter-level travel turns spent in this place as a percentage of turns spent in this place.
 D = Turns resting spent in this place as a percentage of non-inter-level travel turns spent in this place.
 E = Turns spent auto-exploring this place as a percentage of non-inter-level travel turns spent in this place.
 F = Non-inter-level travel turns spent in this place divided by the number of levels of this place that you've seen.
                   A       B       C       D       E      F
               +-------+-------+-------+-------+-------+----------------------
         Total | 100.0 | 100.0 |   0.0 |   0.0 |   1.5 |  67.0
       Dungeon | 100.0 | 100.0 |   0.0 |   0.0 |   1.5 |  67.0
               +-------+-------+-------+-------+-------+----------------------

Vault maps used:
D:1:      matt_arrival_los_fun, minivault_14
